AoeStats
← bullseyes

Black Forest

506338062Analyzed
4v4 RM · 19d ago on Sep 13, 2026· 27m 42s· 8 players
Game mode
Random Map
Map size
Large (8 player)
Population
200
Speed
Normal
Resources
Standard
Victory
Conquest
Starting age
Dark Age
Ending age
Imperial Age
RankedLock teamsTeams togetherTeam positionsShared explorationLock speedFull tech treeHidden civsTurbo modeCheats
Victory
Defeat
🇨🇳 Khmer · China
1672
+13
🇸🇬 Mongols · Singapore
1617
+15
🇨🇳 Bohemians · China
1559
+18
🇭🇰 Magyars · Hong Kong SAR China
1506
+20
🇹🇼 Persians · Taiwan
1608
-17
🇳🇱 Teutons · Netherlands
1604
-17
🇧🇪 Sicilians · Belgium
1593
-16
🇳🇿 Bohemians · New Zealand
1579
-16
ImprovingYeti
2:27 Loom
13:06 Feudal Age
13:27 Man-at-Arms
24:50 Double-Bit Axe
25:11 Fletching
DYS.K
10:04 Loom
13:37 Feudal Age
17:11 Castle Age
16:06 Double-Bit Axe
16:02 Horse Collar
16:53 Loom
18:06 Bow Saw
24:51 Wheelbarrow
26:01 Stone Mining
bullseyes
7:38 Loom
9:53 Loom
13:31 Feudal Age
17:14 Castle Age
20:09 Town Watch
22:03 Double-Bit Axe
22:31 Horse Collar
26:38 Wheelbarrow
27:27 Bow Saw
27:28 Heavy Plow
Arie
3:44 Loom
11:35 Feudal Age
15:46 Castle Age
14:09 Double-Bit Axe
15:59 Horse Collar
22:25 Scale Mail Armor
NW
5:07 Loom
10:14 Feudal Age
11:19 Double-Bit Axe
16:59 Bloodlines
20:05 Horse Collar
25:24 Castle Age
26:09 Forging
25:43 Light Cavalry
26:29 Scale Barding Armor
-GNG-OverHabit
0:43 Loom
16:48 Feudal Age
17:56 Double-Bit Axe
24:19 Castle Age
23:27 Bloodlines
23:34 Scale Barding Armor
27:15 Fletching
27:37 Bow Saw
帝三鲜
2:50 Loom
12:12 Feudal Age
18:27 Castle Age
16:16 Horse Collar
16:26 Double-Bit Axe
23:31 Imperial Age
23:58 Chemistry
27:15 Heavy Plow
Arietta Fine
11:16 Feudal Age
14:52 Castle Age
13:01 Double-Bit Axe
12:57 Horse Collar
15:56 Bow Saw
15:47 Heavy Plow
21:41 Wheelbarrow
22:10 Forging
22:47 Scale Barding Armor
23:44 Coinage
23:20 Gold Mining
23:32 Loom
24:18 Bloodlines
24:23 Husbandry
25:46 Chain Barding Armor
28:03 Iron Casting
Connection lost

Rejoining the realm…

Still unreachable

The connection could not be restored.

Session expired

The server has moved on; the page needs a fresh start.